 Dungeon Crawl Stone Soup version 0.32-a0-391-gce5c0aab1b (webtiles) character file.

Game seed: 9230490990251879530

130 Aldia the Changeling (level 5, -3/39 HPs)
             Began as a Merfolk Shapeshifter on Feb 20, 2024.
             Slain by an iguana (14 damage)
             ... on level 2 of the Dungeon.
             The game lasted 00:03:57 (1372 turns).

Aldia the Changeling (Merfolk Shapeshifter)         Turns: 1372, Time: 00:03:58

Health: -3/39      AC:  2    Str: 14    XL:     5   Next: 14%
Magic:  5/5        EV: 13    Int: 10    God:
Gold:   82         SH:  0    Dex: 15    Spells: 4/4 levels left

rFire   . .          .
                       - Unarmed
rCold   . . .        (no shield)
rNeg    . . .        a - +0 animal skin
rPois   .            (helmet currently unavailable)
rElec   .            (cloak currently unavailable)
rCorr   .            (gloves currently unavailable)
SInv    .            (boots currently unavailable)
Will    .....        (no amulet)
Stlth   +            (no ring)
HPRegen 0.26/turn    (no ring)
MPRegen 0.09/turn

%: no passive effects
@: beast-form
A: beast (slay +3), (nimble swimmer 2), mertail
a: Begin Untransformation


You were on level 2 of the Dungeon.
You were a hulking beast.
You visited 1 branch of the dungeon, and saw 2 of its levels.

You collected 82 gold pieces.

Inventory:

Hand Weapons
 i - a +0 rapier
Armour
 a - a +0 animal skin (worn)
Talismans
 c - a beast talisman (active)
 d - a flux talisman
 g - a maw talisman
 l - a blade talisman
Scrolls
 f - a scroll of noise {unknown}
 h - 2 scrolls of revelation {unknown}
 j - a scroll of enchant weapon {unknown}
Potions
 b - a potion of lignification
 e - a potion of attraction {unknown}
 k - a potion of berserk rage {unknown}
 m - a potion of might {unknown}
 n - a potion of magic {unknown}


   Skills:
 + Level 2.6 Fighting
 + Level 3.4 Dodging
 - Level 4.0 Unarmed Combat
 * Level 5.6 Shapeshifting


You had 4 spell levels left.
You didn't know any spells.
Your spell library contained the following spells:

 Spells                   Type           Power      Damage    Failure   Level
 Summon Small Mammal      Summ           0%         N/A       36%         1
 Call Canine Familiar     Summ           0%         N/A       75%         3
 Summon Blazeheart Golem  Fire/Summ      0%         N/A       98%         4


Dungeon Overview and Level Annotations

Branches:
Dungeon (2/15)

Altars:


Innate Abilities, Weirdness & Mutations

You are a hulking beast.
Your limbs bulge with bestial killing power. (Slay +3)
((You are very nimble when in or above water. (Stealth+, EV+, Speed+++)))
Your lower body shifts to a powerful aquatic tail in water.


Message History

Natasha growls in agony!
The cerulean imp disappears in a puff of smoke!
You have reached level 5!
You feel clever.
The ribbon worm bites you but does no damage.
You see here the felid corpse of Natasha.
You hit the ribbon worm.
The ribbon worm is lightly wounded.
The ribbon worm barely misses you.
Unknown command.
Unknown command.
You hit the ribbon worm.
The ribbon worm is moderately wounded.
You punch the ribbon worm!
The ribbon worm is almost dead.
The ribbon worm barely misses you.
You punch the ribbon worm!
You kill the ribbon worm!
You see here a ribbon worm corpse.
n - a bubbling clear potion You see here a ribbon worm corpse.
You see here a ball python corpse.
h - 2 scrolls labelled SIEDAN IROH (gained 1)
There is a stone staircase leading down here.
Found a robe.
A ball python and an iguana come into view.
The ball python hisses angrily.
The iguana hisses angrily.
The iguana bites you.
You closely miss the iguana. The iguana bites you!
You punch the iguana!
The iguana is heavily wounded.
The iguana bites you!
* * * LOW HITPOINT WARNING * * *
You are too injured to fight recklessly!
You are too injured to fight recklessly!
You are too injured to fight recklessly!
You closely miss the iguana.
The iguana is heavily wounded.
The iguana bites you!
You die...

#...# #..# ##.##
#..# #.# #..#
#.# #..# #.#
#..# ##.####..#
#........#
...#####.#
######.# ##.#
#.# #.hlS..#
##.# #.#
#.###### ...#
#.# #.# #### #.#
##.##
#.#####...#####
#.#............#
#.#>###..[####.#
#.#.# ##.##
#.#.# #.#


You could see an iguana and a ball python.

Vanquished Creatures
  Natasha (twice) (D:2)
  A gnoll (D:1)
  An adder (D:2)
  2 ribbon worms (D:2)
  A dart slug (D:1)
  4 ball pythons
  3 bats
  4 endoplasms
  A giant cockroach (D:1)
  7 hobgoblins
  A quokka (D:1)
  A frilled lizard (D:1)
  5 rats
33 creatures vanquished.

Notes
Turn   | Place    | Note
-------+----------+-------------------------------------------
     0 | D:1      | Aldia the Merfolk Shapeshifter began the quest for the Orb.
     0 | D:1      | Reached XP level 1. HP: 15/15 MP: 1/1
   108 | D:1      | Reached XP level 2. HP: 18/21 MP: 2/2
   366 | D:1      | Reached XP level 3. HP: 26/26 MP: 3/3
  1038 | D:2      | Reached skill level 5 in Shapeshifting
  1038 | D:2      | Reached XP level 4. HP: 25/33 MP: 4/4
  1146 | D:2      | Noticed Natasha
  1153 | D:2      | Killed Natasha
  1270 | D:2      | Noticed Natasha
  1279 | D:2      | Killed Natasha
  1280 | D:2      | Reached XP level 5. HP: 19/39 MP: 5/5
  1372 | D:2      | Slain by an iguana

Illustrated notes

Levels and vault maps discovered:
D:1:      dpeg_arrival_boxorama, layout_basic, grunt_decor_mini_mirrors
D:2:      layout_loops_ring, uniq_natasha, uniq_crazy_yiuf_cottage

Skill      XL: |  1  2  3 |
---------------+----------+-----
Dodging        | 3 |  3.4
Unarmed Combat | 4 |  4.0
Fighting       | 2 |  2.6
Shapeshifting  | 5 |  5.6

Action                     |  1- 3 |  4- 6 || total
---------------------------+-------+-------++-------
  Melee: Unarmed           |    87 |    30 ||   117
         Punch             |     2 |       ||     2
   Stab: Sleeping          |     4 |       ||     4
 Armour: Animal skin       |    32 |    18 ||    50
  Dodge: Dodged            |    40 |     8 ||    48

Table legend: (Time is in decaauts)
 A = Elapsed time spent in this place.
 B = Non-inter-level travel time spent in this place.
 C = Inter-level travel time spent in this place.
 D = Time resting spent in this place.
 E = Time spent auto-exploring this place.
 F = Levels seen in this place.
 G = Mean time per level.
                   A        B        C        D        E       F      G
               +--------+--------+--------+--------+--------+-----+--------+
         Total |   1364 |   1340 |     24 |     48 |   1041 |   2 |  682.0 |
       Dungeon |   1364 |   1340 |     24 |     48 |   1041 |   2 |  682.0 |
               +--------+--------+--------+--------+--------+-----+--------+

Top non-repeatable levels by time:
     D:1: 929 daAuts
     D:2: 434 daAuts
